 Dungeon Crawl Stone Soup version 0.25-b1-23-ge2ad7d536c (webtiles) character file.

Game seed: 18304435375764177566, levelgen mode: deterministic

176 smbutler8 the Shield-Bearer (level 5, -4/50 HPs)
             Began as a Troll Fighter on May 29, 2020.
             Killed by nerve-wracking pain
             ... invoked by an orc priest
              (8 damage)
             ... on level 3 of the Dungeon.
             The game lasted 00:06:00 (1744 turns).

smbutler8 the Shield-Bearer (Troll Fighter)         Turns: 1744, Time: 00:06:01

Health: -4/50      AC:  6    Str: 25    XL:     5   Next: 30%
Magic:  4/4        EV:  8    Int:  4    God:
Gold:   119        SH:  9    Dex:  9    Spells: 4/4 levels left

rFire    . . .     SeeInvis .     - Unarmed
rCold    . . .     Gourm    +   b - +0 kite shield
rNeg     . . .     Faith    .   a - +0 robe
rPois    .         Spirit   .   (helmet restricted)
rElec    .         Reflect  .   (no cloak)
rCorr    .         Harm     .   (gloves unavailable)
MR       .....                  (boots unavailable)
Stlth    +.........             (no amulet)
HPRegen  0.56/turn              (no ring)
MPRegen  0.09/turn              (no ring)

@: no status effects
A: large, unfitting armour, claws 3, fast metabolism 3, gourmand, regeneration
1, shaggy fur 1, tough skin 3
a: no special abilities


You were on level 3 of the Dungeon.
You were very full.

You visited 1 branch of the dungeon, and saw 3 of its levels.

You collected 119 gold pieces.

Inventory:

Missiles
 l - 4 large rocks (quivered)
 o - 34 poisoned darts
Armour
 a - a +0 robe (worn)
 b - a +0 kite shield (worn)
 q - a scarf of repulsion
Jewellery
 p - a cursed ring of teleportation {unknown}
Wands
 k - a wand of flame (9)
Scrolls
 e - 3 scrolls of teleportation {unknown}
 j - 2 scrolls of identify {unknown}
 m - 2 scrolls of amnesia {unknown}
 r - a scroll of remove curse {unknown}
Potions
 c - 2 potions of might
 f - 2 potions of lignification {unknown}
 g - a potion of haste {unknown}
 h - a potion of curing {unknown}
 i - 2 potions of degeneration {unknown}
Comestibles
 d - 8 rations
 n - 6 chunks of flesh


   Skills:
 - Level 2.4 Fighting
 - Level 2.4 Dodging
 * Level 4.3 Shields
 + Level 3.5 Unarmed Combat


You had 4 spell levels left.
You didn't know any spells.
Your spell library was empty.

Dungeon Overview and Level Annotations

Branches:
Dungeon (3/15)

Altars:


Innate Abilities, Weirdness & Mutations

You are too large for most types of armour.
You have claws for hands.
Your metabolism is lightning-fast.
You like to eat raw meat.
Your natural rate of healing is unusually fast.
You are covered in fur. (AC +1)
You have extremely tough skin. (AC +3)


Message History

Items here: ( ))))))) [[ †††††††† You scratch the orc.
The orc is heavily wounded.
The orc priest looks braver for a moment.
You block the orc's attack.
You barely miss the orc.
The orc is heavily wounded.
You block the orc priest's attack.
You scratch the orc but do no damage.
The orc is heavily wounded.
The orc hits you but does no damage. The orc priest hits you.
* * * LOW HITPOINT WARNING * * *
You mangle the orc!!
You kill the orc!
The orc priest calls down the wrath of Beogh upon you.
Beogh smites you!
* * * LOW HITPOINT WARNING * * *
The orc priest invokes the aid of Beogh against you.
Pain shoots through your body!
You die...

#.##...#####.#.##.#.#
####........###.#......#
#.................##.###
#.##........##..#.##.#
#.##.##...#.##..#.##.#
#.##......#..........#####
#.#####.#.#.##.##.#......#
#.#####.#.#[##.##.#.####.#
#......<#.o@..÷...#.#
###########)#######.# #...
#.# #...# #.# #...# #..
#...# ## #.... .....


You could see an orc priest.

Vanquished Creatures
  A worker ant (D:2)
  5 adders (D:2)
  3 oozes
  2 worms (D:2)
  A leopard gecko (D:1)
  13 orcs (D:3)
  2 giant cockroaches
  3 goblins
  8 hobgoblins
  6 jackals
  12 kobolds
  A quokka (D:2)
  6 bats
  A frilled lizard (D:3)
  4 rats
68 creatures vanquished.

Notes
Turn   | Place    | Note
-------+----------+-------------------------------------------
     0 | D:1      | smbutler8 the Troll Fighter began the quest for the Orb.
     0 | D:1      | Reached XP level 1. HP: 22/22 MP: 0/0
    87 | D:1      | Reached XP level 2. HP: 29/29 MP: 1/1
   340 | D:1      | Reached skill level 3 in Shields
   473 | D:1      | Reached XP level 3. HP: 32/36 MP: 2/2
   854 | D:2      | Reached XP level 4. HP: 23/44 MP: 3/3
  1369 | D:2      | Reached skill level 4 in Shields
  1612 | D:3      | Reached XP level 5. HP: 50/50 MP: 4/4
  1744 | D:3      | Killed from afar by an orc priest

Illustrated notes

Levels and vault maps discovered:
D:1:      dpeg_arrival_boxorama, layout_rooms, chequers_big_river,
          minmay_tetromino_o4
D:2:      layout_basic
D:3:      layout_loops_cross

Skill      XL: |  1  2  3  4 |
---------------+-------------+-----
Shields        | 3 4 |  4.3
Unarmed Combat | 3 |  3.5
Fighting       | |  2.4
Dodging        | |  2.4

Action                   |  1- 3 |  4- 6 || total
-------------------------+-------+-------++-------
Melee: Unarmed           |    70 |   114 ||   184
  Eat: Chunk             |    12 |     9 ||    21
Armor: Robe              |    34 |    31 ||    65
Dodge: Dodged            |    37 |    20 ||    57
Block: Kite shield       |    53 |    45 ||    98
